 Dungeon Sprint DCSS version 0.14-a0-770-g009d3a2 (webtiles) character file.

0 JacquesDerrida the Chiller (level 1, 0/11 HPs)
             Began as a High Elf Ice Elementalist on Nov 9, 2013.
             Was an Initiate of Sif Muna.
             Slain by a brain worm (3 damage)
             ... in the Dungeon (Sprint VII: "The Pits").
             The game lasted 00:00:29 (89 turns).

JacquesDerrida the Chiller (HEIE)                     Turns: 89, Time: 00:00:29

HP   0/11        AC  2     Str  7      XL: 1   Next:  8%
MP   0/4         EV 12     Int 18      God: Sif Muna [......]
Gold 0           SH  0     Dex 15      Spells:  1 memorised,  2 levels left

Res.Fire  : . . .   See Invis. : .   j - +2 quarterstaff (crush)
Res.Cold  : . . .   Warding    : .   a - +0 elf robe
Life Prot.: . . .   Conserve   : .   (no shield)
Res.Poison: .       Res.Corr.  : .   (no helmet)
Res.Elec. : .       Clarity    : .   (no cloak)
Sust.Abil.: . .     Spirit.Shd : .   (no gloves)
Res.Mut.  : .       Prev.Telep.: +   (no boots)
Res.Rott. : .       Flight     : .   (no amulet)
Saprovore : . . .                    (no ring)
                                     (no ring)

@: not resistant to hostile enchantments, fairly stealthy
A: no striking features
a: Renounce Religion


You were in the Dungeon.
You worshipped Sif Muna.
Sif Muna was noncommittal.
You were not hungry.

You visited 1 branch

Inventory:

Hand weapons
 j - a +2,+2 quarterstaff of crushing (weapon)
Armour
 a - a +0 elven robe (worn)
Comestibles
 c - 8 bread rations
 k - 40 strawberries
 l - 7 meat rations
Scrolls
 i - a scroll of blinking
 n - 2 scrolls of vulnerability
 o - 3 scrolls of remove curse
 p - 5 scrolls of amnesia
 q - a scroll of summoning
Potions
 d - a potion of curing
 e - a potion of heal wounds
 f - a potion of speed
 g - 4 potions of magic
 h - 3 potions of berserk rage
 m - 2 potions of invisibility
Books
 b - a book of Frost

   Spells                             Type                      Level
   *Freeze                            Ice                          1
   Throw Frost                        Conjuration/Ice              2
   Ozocubu's Armour                   Charms/Ice                   3
   Throw Icicle                       Conjuration/Ice              4
   Summon Ice Beast                   Ice/Summoning                4
   Condensation Shield                Ice                          4


   Skills:
 - Level 2.1 Dodging
 - Level 2.1 Stealth
 + Level 1.8 Spellcasting
   Level 1.1 Conjurations
 + Level 3.2 Ice Magic


You had 2 spell levels left.
You knew the following spells:

 Your Spells              Type           Power        Failure   Level  Hunger
a - Freeze                Ice            ##..         6%          1    #......


Dungeon Overview and Level Annotations

Branches:
Dungeon (1/1)

Altars:
Ashenzari
Cheibriados
Elyvilon
Fedhas
Kikubaaqudgha
Makhleb
Nemelex Xobeh
Okawaru
Sif Muna
Trog
Vehumet
Xom
Yredelemnul
Zin
the Shining One
Beogh
Jiyva
Lugonu


Message History

The brain worm bites you.
* * * LOW HITPOINT WARNING * * *
Casting: Freeze
Confirm with . or Enter, or press ? or * to list all spells.
Aiming: Freeze
Press: ? - help, Shift-Dir - straight line, f/p - brain worm
Aim: a brain worm (lightly wounded)
You freeze the brain worm.
The brain worm is heavily wounded.
The brain worm's bulging head throbs.
Something tries to feed on your intellect!
Casting: Freeze
Confirm with . or Enter, or press ? or * to list all spells.
Aiming: Freeze
Press: ? - help, Shift-Dir - straight line, f/p - brain worm
Aim: a brain worm (heavily wounded)
You freeze the brain worm.
The brain worm is heavily wounded.
The brain worm bites you.
You die...

#__________#
#_____..___#
#######'#############
#.))..'.'..##.........
#.))).#.#.(##......#..#
#######'#####..........
#...........'...........
#+#####'#####......#..#.
#.@# #........... +w.+
####'#####++ ####
#.......# #.......#
#.......# #...<...#
#.......# #.......#
#.......#


You could see a brain worm.

Vanquished Creatures
  A goblin zombie (D)
1 creature vanquished.

Notes
Turn   | Place    | Note
--------------------------------------------------------------
     0 | D        | JacquesDerrida, the High Elf Ice Elementalist, began the quest for the Orb.
     0 | D        | Reached XP level 1. HP: 11/11 MP: 4/4
    72 | D        | Found a viscous altar of Jiyva.
    72 | D        | Found a corrupted altar of Lugonu.
    72 | D        | Found a sparkling altar of Nemelex Xobeh.
    72 | D        | Found a shimmering altar of Xom.
    72 | D        | Found a deep blue altar of Sif Muna.
    72 | D        | Found a bloodstained altar of Trog.
    73 | D        | Found an iron altar of Okawaru.
    73 | D        | Found a roughly hewn altar of Beogh.
    73 | D        | Found a burning altar of Makhleb.
    73 | D        | Found an ancient bone altar of Kikubaaqudgha.
    73 | D        | Found a glowing silver altar of Zin.
    73 | D        | Found a radiant altar of Vehumet.
    73 | D        | Found a blossoming altar of Fedhas.
    73 | D        | Found a snail-covered altar of Cheibriados.
    73 | D        | Found a white marble altar of Elyvilon.
    73 | D        | Found a basalt altar of Yredelemnul.
    73 | D        | Found a glowing golden altar of the Shining One.
    73 | D        | Found a shattered altar of Ashenzari.
    76 | D        | Became a worshipper of Sif Muna the Loreminder
    83 | D        | Noticed a brain worm
    89 | D        | Slain by a brain worm

Action                   || total
-------------------------++-------
Melee: Unarmed           ||     7
 Cast: Freeze            ||     4
 Stab: Sleeping          ||     1
